 Dungeon Crawl Stone Soup version 0.30-a0-1112-gfb780f5df6 (webtiles) character file.

Game seed: 17521377225805181755

1524 ytrimaz the Nimble (level 8, 0/52 HPs)
             Began as an Octopode Fighter on Apr 19, 2023.
             Succumbed to a killer bee's poison
             ... on level 8 of the Dungeon.
             The game lasted 00:05:20 (5415 turns).

ytrimaz the Nimble (Octopode Fighter)               Turns: 5415, Time: 00:05:21

Health: 0/52       AC:  1    Str: 15    XL:     8   Next: 84%
Magic:  8/8        EV: 17    Int: 10    God:
Gold:   338        SH:  5    Dex: 14    Spells: 7/7 levels left

rFire   + . .      SeeInvis .    a - +0 long sword
rCold   . . .      Faith    .    b - +0 buckler
rNeg    . . .      Spirit   .    (helmet restricted)
rPois   .          Reflect  .    (no amulet)
rElec   .          Rampage  .    u - ring of protection from fire
rCorr   .                        (no ring)
Will    .....                    (no ring)
Stlth   ++                       (no ring)
HPRegen 0.28/turn                (no ring)
MPRegen 0.11/turn                (no ring)
                                 (no ring)
                                 (no ring)

@: lethally poisoned (0 -> -9), about to teleport
A: almost no armour, amphibious, 8 rings, camouflage 1, gelatinous body 1,
(nimble swimmer 1), tentacles
a: no special abilities


You were on level 8 of the Dungeon.
You visited 2 branches of the dungeon, and saw 9 of its levels.

You collected 338 gold pieces.


Innate Abilities, Weirdness & Mutations

You cannot wear most types of armour.
You are amphibious.
You can wear up to eight rings at the same time.
Your skin changes colour to match your surroundings (Stealth+).
Your rubbery body absorbs attacks. (AC +1, EV +1)
((You are camouflaged when in or above water. (Stealth+)))
You have tentacles for arms and can constrict up to eight enemies at once.


   Skills:
 - Level 3.0 Fighting
 + Level 6.3 Long Blades
 * Level 9.0 Dodging
 - Level 4.0 Shields


You had 7 spell levels left.
You didn't know any spells.
Your spell library contained the following spells:

 Spells                   Type           Power      Damage    Failure   Level
 Freeze                   Ice            0%         1d3       43%         1
 Cigotuvi's Dreadful Rot  Necr/Pois/Air  0%         N/A       58%         2
 Frozen Ramparts          Ice            0%         1d1       82%         3
 Hailstorm                Conj/Ice       0%         3d3       82%         3
 Ignite Poison            Fire/Tmut/Pois 0%         N/A       82%         3
 Freezing Cloud           Conj/Ice/Air   0%         6-21      100%        5

Inventory:

Hand Weapons
 a - a +0 long sword (weapon)
Armour
 b - a +0 buckler (worn)
Jewellery
 u - a ring of protection from fire (left tentacle)
   (You found it on level 5 of the Dungeon)
Wands
 i - a wand of digging (3)
   (You found it on level 6 of the Dungeon)
 s - a wand of flame (8)
   (You found it on level 4 of the Dungeon)
Scrolls
 d - 2 scrolls of fear
 e - a scroll of amnesia
 h - a scroll of acquirement
 j - a scroll of torment {unknown}
 k - a scroll of fog {unknown}
 l - a scroll of blinking {unknown}
 m - a scroll of noise {unknown}
 n - 3 scrolls of teleportation
 o - 3 scrolls of enchant weapon {unknown}
 q - a scroll of identify
 r - 2 scrolls of immolation {unknown}
 t - a scroll of brand weapon {unknown}
Potions
 c - a potion of might
 f - 4 potions of attraction
 g - a potion of haste
 p - a potion of cancellation {unknown}
 v - a potion of lignification {unknown}

Dungeon Overview and Level Annotations

Branches:
Dungeon (9/15) Zot: 26994  Temple (1/1) D:6 Zot: 5765
   Lair: D:8-11         Orc: D:9-12

Altars:
Ashenzari
Cheibriados
Elyvilon
Fedhas
Hepliaklqana
Makhleb
Nemelex Xobeh
Okawaru
Qazlal
Ru
Sif Muna
Trog
Uskayaw
Vehumet
Wu Jian
Xom
The Shining One

Annotations:
D:2 1 runed translucent door, Crazy Yiuf

# ### .# .... ..#
.....#########...#
..../....yy.@....#
.......>..F......#
.....(.....###...#
......y.##.......#
.....##.######...#
..... ... ....
.... .#.# #### ...
..#.. ... #..


You could see a bullfrog and 3 killer bees.


Message History

There is an open door here.
There are monsters nearby!
There are monsters nearby!
Unknown command.
The yak bellows! x2; You hear a bellow!
There is an open door here.
Unknown command.
You close the door.
You open the door. 2 yaks come into view.
The yak moves out of view.
The yak gores you. 😕 HP[-5]
You take 5 damage, and now have 47/52 hp.
You slash the yak! You squeeze the yak! The yak gores you! 😮 HP[-10]
You take 10 damage, and now have 37/52 hp.
The yak bellows!
You hit the yak. You squeeze the yak.
You hear a bellow!
The yak completely misses you.
The yak bellows!
Unknown command.
You hit the yak but do no damage. You squeeze the yak, but do no damage.
The yak gores you!
* * * LOW HITPOINT WARNING * * *
You block the yak's attack. 😨 HP[-12]
You take 12 damage, and now have 25/52 hp.
MASSIVE DAMAGE!! (PAUSE)
You hit the yak but do no damage. Your squeeze misses the yak.
The yak gores you.
* * * LOW HITPOINT WARNING * * *
😨 HP[-1]
You take 1 damage, and now have 24/52 hp.
You hit the yak but do no damage.
You block the yak's attack. 😨 HP[+1] Unknown command.
You hit the yak. You squeeze the yak. The yak gores you.
* * * LOW HITPOINT WARNING * * *
😨 HP[-3]
You take 3 damage, and now have 22/52 hp.
Unknown command.
You barely miss the yak. The yak gores you!
* * * LOW HITPOINT WARNING * * *
😨 HP[-8]
You take 8 damage, and now have 14/52 hp.
You barely miss the yak. You squeeze the yak.
You kill the yak!
Your Dodging skill increases to level 9! 😨 HP[+1] Unknown command.
As you read the scroll of teleportation, it crumbles to dust.
You feel strangely unstable. You block the yak's attack.
The yak attacks as you move away! The yak closely misses you.
Your surroundings suddenly seem different.
A troll comes into view.
Found a stone staircase leading down.
The troll moves out of view. 😨 HP[+1]
A troll is nearby! 😨 HP[+4]
You regained 4 hp, and now have 20/52 hp.
Unknown command. 😨 HP[+1] 😨 HP[+1]
Found a stone staircase leading up. 😨 HP[+1] 😨 HP[+1]
There is a stone staircase leading up here.
You climb upwards.
The bullfrog croaks.
The killer bee buzzes angrily.
There is a stone staircase leading down here.
Unknown command.
A killer bee comes into view. 😨 HP[+1]
The bullfrog closely misses you. The bullfrog hits you.
* * * LOW HITPOINT WARNING * * *
😨 HP[-2]
You take 2 damage, and now have 23/52 hp.
The bullfrog hits you!
* * * LOW HITPOINT WARNING * * *
😨 HP[-7]
You take 7 damage, and now have 16/52 hp.
Unknown command.
As you read the scroll of teleportation, it crumbles to dust.
You feel strangely unstable. The bullfrog barely misses you.
The killer bee barely misses you. The bullfrog hits you.
* * * LOW HITPOINT WARNING * * *
😱 HP[-4]
You take 4 damage, and now have 12/52 hp.
The killer bee buzzes angrily.
Unknown command.
The killer bee attacks as you move away!
The killer bee stings you!
* * * LOW HITPOINT WARNING * * *
You are lethally poisoned!
The killer bee poisons you!
You die...

Skill      XL: |  1  2  3  4  5  6  7  8 |
---------------+-------------------------+-----
Dodging        | 4 5 6 8 9 |  9.0
Shields        | 4 |  4.0
Long Blades    | 3 4 5 6 |  6.3
Fighting       | |  3.0

Action                     |  1- 3 |  4- 6 |  7- 9 || total
---------------------------+-------+-------+-------++-------
  Melee: Long sword        |    45 |    94 |    59 ||   198
         Tentacles         |     8 |    20 |    18 ||    46
         Constrict         |     8 |    25 |     8 ||    41
         Punch             |       |     1 |     2 ||     3
    Use: Scroll            |       |     2 |     6 ||     8
         Potion            |       |       |     1 ||     1
   Stab: Sleeping          |     4 |     8 |     1 ||    13
 Armour: Skin              |     6 |     4 |     1 ||    11
  Dodge: Dodged            |    36 |    68 |    32 ||   136
  Block: Buckler           |     9 |    28 |    12 ||    49

Levels and vault maps discovered:
D:1:      wander_arrival_lonely_grave, layout_basic, serial_forest,
          infiniplex_forest_end_3, infiniplex_forest_straight_3,
          infiniplex_forest_zigzag_2, infiniplex_forest_3_way,
          infiniplex_forest_clump_large, infiniplex_forest_lined_3,
          infiniplex_forest_end_3, hangedman_decor_growths
D:2:      layout_basic, basic_altar, hellmonk_ecumenical_altar_crossroads,
          uniq_crazy_yiuf_cottage, uniq_jessica
D:3:      layout_loops_ring, worldfamousw_hep_ancestral_shrine, elyvilon_altar_3
D:4:      layout_basic, nicolae_overflow_hidden_temple, amcnicky_altar_gilded
D:5:      layout_loops_ring, chequers_ossuary_entry_cave
D:6:      layout_gridville, minmay_temple_entry_trees, uniq_pikel
D:8:      layout_basic, pf_just_have_faith
D:9:      layout_irregular_city, nicolae_gozag_seed_capital,
          lemuel_crystal_altar
Temple:   nicolae_temple_figure_eight

Notes
Turn   | Place    | Note
-------+----------+-------------------------------------------
     0 | D:1      | ytrimaz the Octopode Fighter began the quest for the Orb.
     0 | D:1      | Reached XP level 1. HP: 16/16 MP: 1/1
     0 | D:1      | magus.rc [v1.9.6]
    69 | D:1      | Reached XP level 2. HP: 19/21 MP: 2/2
   607 | D:1      | Identified a scroll of acquirement
  1007 | D:2      | Reached XP level 3. HP: 26/26 MP: 3/3
  1075 | D:2      | Found a faded altar of an unknown god.
  1075 | D:2      | Noticed Jessica
  1080 | D:2      | Killed Jessica
  1173 | D:2      | Reached XP level 4. HP: 27/31 MP: 4/4
  1404 | D:2      | Found a shimmering blue altar of Sif Muna.
  1456 | D:2      | Found a runed translucent door.
  1457 | D:2      | Noticed Crazy Yiuf
  1819 | D:3      | Reached skill level 4 in Dodging
  1819 | D:3      | Reached skill level 4 in Shields
  2001 | D:3      | Reached XP level 5. HP: 36/36 MP: 5/5
  2114 | D:3      | Reached skill level 3 in Long Blades
  2213 | D:3      | Found a white marble altar of Elyvilon.
  2253 | D:3      | You pick up a book of Frost and begin reading...
  2253 | D:3      | You add the spells Freeze, Frozen Ramparts and Hailstorm to
                  | your library.
  2403 | D:3      | Found a hazy altar of Hepliaklqana.
  2581 | D:4      | Reached skill level 5 in Dodging
  2871 | D:4      | Found a snail-covered altar of Cheibriados.
  2873 | D:4      | Reached XP level 6. HP: 41/42 MP: 6/6
  2949 | D:4      | Found a burning altar of Makhleb.
  3538 | D:5      | Entered Level 5 of the Dungeon
  3698 | D:5      | Reached skill level 4 in Long Blades
  3713 | D:5      | Reached skill level 6 in Dodging
  3853 | D:5      | Reached XP level 7. HP: 46/46 MP: 7/7
  4152 | D:5      | Found a sand-covered staircase.
  4744 | D:6      | Noticed Pikel
  4753 | D:6      | Reached skill level 5 in Long Blades
  4753 | D:6      | Reached skill level 7 in Dodging
  4756 | D:6      | Killed Pikel
  4757 | D:6      | Reached skill level 8 in Dodging
  4757 | D:6      | Reached XP level 8. HP: 49/52 MP: 8/8
  4835 | D:6      | Found a staircase to the Ecumenical Temple.
  4848 | Temple   | Entered the Ecumenical Temple
  5090 | D:6      | Reached skill level 6 in Long Blades
  5100 | D:6      | You add the spells Cigotuvi's Dreadful Rot, Ignite Poison
                  | and Freezing Cloud to your library.
  5222 | D:6      | You fall into a shaft and drop 3 floors!
  5338 | D:9      | Noticed a yak
  5338 | D:9      | Noticed a yak
  5338 | D:9      | Noticed a yak
  5360 | D:9      | Noticed a yak
  5360 | D:9      | Noticed a yak
  5374 | D:9      | Killed a yak
  5375 | D:9      | Reached skill level 9 in Dodging
  5377 | D:9      | Noticed a troll
  5413 | D:8      | HP: 12/52 [bullfrog (5)]
  5415 | D:8      | HP: 3/52 [killer bee (9)]
  5415 | D:8      | Succumbed to a killer bee's poison

Vanquished Creatures
  Pikel (D:6)
  A yak (D:9)
  An ice beast (D:6)
  An ogre (D:5)
  A phantom (D:5)
  2 bullfrogs
  2 scorpions
  2 hounds
  An orc priest (D:5)
  A sleepcap (D:5)
  A jelly (D:4)
  Jessica (D:2)
  3 iguanas
  2 orc wizards (D:5)
  6 adders
  A shadow imp (D:5)
  An ufetubus (D:5)
  5 dart slugs
  A worm (D:3)
  5 orcs (D:4)
  A bat (D:1)
  8 endoplasms
  A giant cockroach (D:3)
  7 goblins
  5 hobgoblins
  2 jackals (D:1)
  3 quokkas
  3 ball pythons
  4 frilled lizards
  5 kobolds
  5 rats
83 creatures vanquished.

Vanquished Creatures (others)
  An orc wizard (D:5)
1 creature vanquished.

Grand Total: 84 creatures vanquished

Table legend:
 A = Non-vault XP
 B = Vault XP
 C = Vault XP percentage of total XP
 D = Non-vault monster count
 E = Vault monster count
 F = Vault count percentage of total count
                 A         B        C        D         E       F
            +---------+---------+-------+---------+---------+-------
      Total |    1490 |     688 |  31.6 |      82 |       2 |   2.4
            +---------+---------+-------+---------+---------+-------
        D:1 |      29 |       0 |   0.0 |      19 |       0 |   0.0
        D:2 |      19 |      37 |  66.1 |       4 |       1 |  20.0
        D:3 |     186 |       0 |   0.0 |      21 |       0 |   0.0
        D:4 |     120 |       0 |   0.0 |      17 |       0 |   0.0
        D:5 |     554 |       0 |   0.0 |      15 |       0 |   0.0
        D:6 |     296 |     651 |  68.7 |       4 |       1 |  20.0
        D:9 |     286 |       0 |   0.0 |       2 |       0 |   0.0
            +---------+---------+-------+---------+---------+-------

Illustrated notes

Table legend:
 A = Kills in this place as a percentage of kills in the entire game.
 B = Kills by you in this place as a percentage of kills by you in the entire game.
 C = Kills by friends in this place as a percentage of kills by friends in the entire game.
 D = Other kills in this place as a percentage of other kills in the entire game.
 E = Experience gained in this place as a percentage of experience gained in the entire game.
 F = Experience gained in this place divided by the number of levels of this place that you have seen.
                   A       B       C       D       E      F
               +-------+-------+-------+-------+-------+----------------------
         Total | 100.0 | 100.0 |   N/A | 100.0 | 100.0 | 242.0
       Dungeon | 100.0 | 100.0 |   N/A | 100.0 | 100.0 | 272.2
               +-------+-------+-------+-------+-------+----------------------

Table legend: (Time is in decaauts)
 A = Elapsed time spent in this place.
 B = Non-inter-level travel time spent in this place.
 C = Inter-level travel time spent in this place.
 D = Time resting spent in this place.
 E = Time spent auto-exploring this place.
 F = Levels seen in this place.
 G = Mean time per level.
                   A        B        C        D        E       F      G
               +--------+--------+--------+--------+--------+-----+--------+
         Total |   5472 |   5296 |    176 |      2 |   4446 |   9 |  608.0 |
       Dungeon |   5237 |   5079 |    158 |      2 |   4236 |   8 |  654.6 |
        Temple |    234 |    216 |     18 |      0 |    210 |   1 |  234.0 |
               +--------+--------+--------+--------+--------+-----+--------+

Top non-repeatable levels by time:
     D:5: 1197 daAuts
     D:4: 972 daAuts
     D:1: 914 daAuts
     D:2: 896 daAuts
     D:3: 786 daAuts
     D:6: 276 daAuts
  Temple: 234 daAuts
     D:9: 188 daAuts
     D:8: 5 daAuts
